 Dungeon Crawl Stone Soup version 0.24-a0-274-gb3763e6 (webtiles) character file.

Game seed: 10492764249582922880

595 MatthieuS the Skirmisher (level 7, -1/43 HPs)
             Began as a Gargoyle Skald on Apr 26, 2019.
             Was an Initiate of Makhleb.
             Slain by an orc
             ... wielding a +0 flail
              (2 damage)
             ... on level 5 of the Dungeon.
             The game lasted 00:12:50 (5503 turns).

MatthieuS the Skirmisher (Gargoyle Skald)           Turns: 5503, Time: 00:12:51

Health: -1/43      AC:  9    Str: 14    XL:     7   Next: 40%
Magic:  6/12       EV: 11    Int: 16    God:    Makhleb [......]
Gold:   180        SH:  4    Dex: 12    Spells: 5/13 levels left

rFire    . . .     SeeInvis .   a - +0 spear
rCold    . . .     Gourm    .   k - +0 buckler
rNeg     + . .     Faith    .   b - +0 leather armour
rPois    ∞         Spirit   .   d - +0 helmet
rElec    +         Reflect  .   (no cloak)
rCorr    .         Harm     .   (no gloves)
MR       .....                  (no boots)
Stlth    +.........             (no amulet)
HPRegen  0.14/turn              (no ring)
MPRegen  0.13/turn              v - +3 ring of dexterity

@: no status effects
A: negative energy resistance 1, electricity resistance, unbreathing,
petrification resistance, rot immunity, AC +4
a: Renounce Religion


You were on level 5 of the Dungeon.
You worshipped Makhleb.
Makhleb was noncommittal.
You were hungry.

You visited 2 branches of the dungeon, and saw 6 of its levels.

You collected 180 gold pieces.

Inventory:

Hand Weapons
 a - a +0 spear (weapon)
Armour
 b - a +0 leather armour (worn)
   (You found it on level 2 of the Dungeon)
 d - a +0 helmet (worn)
   (You took it off Robin on level 3 of the Dungeon)
 k - a +0 buckler (worn)
   (You took it off a goblin on level 2 of the Dungeon)
Magical Staves
 x - an uncursed staff of death
   (You found it on level 5 of the Dungeon)
Jewellery
 h - an uncursed ring of resist corrosion
   (You found it on level 1 of the Dungeon)
 v - a +3 ring of dexterity (right hand)
   (You found it on level 2 of the Dungeon)
Scrolls
 c - a scroll of noise {unknown}
 l - 5 scrolls of teleportation {unknown}
 m - 2 scrolls of magic mapping {unknown}
 p - 6 scrolls of identify {unknown}
 s - a scroll of random uselessness {unknown}
 t - a scroll of remove curse {@r2}
 u - a scroll of blinking {unknown}
Potions
 f - a potion of cancellation {unknown}
 g - a potion of invisibility {unknown}
 i - 2 potions of haste {@q3}
 n - a potion of berserk rage {unknown}
 o - 2 potions of lignification {unknown}
 q - a potion of flight {unknown}
 r - a potion of might
 z - a potion of agility {unknown}
Comestibles
 e - 7 rations


   Skills:
 + Level 4.2 Fighting
 + Level 3.6 Polearms
 - Level 1.1 Armour
 - Level 1.5 Dodging
 + Level 2.8 Shields
 + Level 3.6 Spellcasting
 + Level 1.3 Hexes
 + Level 4.1 Charms


You had 5 spell levels left.
You knew the following spells:

 Your Spells              Type           Power        Failure   Level  Hunger
a - Infusion              Chrm           ###.         4%          1    None
b - Spectral Weapon       Hex/Chrm       ##......     26%         3    ###....
q - Song of Slaying       Chrm           ###.....     7%          2    ##.....
A - Shroud of Golubria    Chrm/Tloc      #.........   17%         2    ##.....

Your spell library contained the following spells:

 Spells                   Type           Power        Failure   Level  Hunger
 Regeneration             Chrm/Necr      #.........   32%         3    ###....


Dungeon Overview and Level Annotations

Branches:
Dungeon (5/15)             Temple (1/1) D:4

Altars:
Ashenzari
Cheibriados
Dithmenos
Elyvilon
Makhleb
Nemelex Xobeh
Qazlal
Ru
Uskayaw
Xom
Yredelemnul
The Shining One


Innate Abilities, Weirdness & Mutations

You are resistant to torment.
Your stone body is resilient. (AC +4)
You are immune to poison.
You resist negative energy. (rN+)
You are resistant to electric shocks. (rElec)
You can survive without breathing.
You are immune to petrification.
You are immune to rotting.


Message History

The orc priest calls down the wrath of Beogh upon you.
Beogh smites you!
* * * LOW HITPOINT WARNING * * *
You feel better.
The orc wizard mumbles some strange words.
The orc wizard seems to speed up.
The orc wizard hits you but does no damage.
You barely miss the orc wizard.
Your spectral weapon hits the orc wizard from afar.
The orc wizard hits you but does no damage.
The orc wizard points at you and mumbles some strange words.
The magic dart hits you.
* * * LOW HITPOINT WARNING * * *
You hit the orc wizard.
Your spectral weapon hits the orc wizard from afar.
You kill the orc wizard!
Makhleb accepts your kill.
You hit the orc.
Your spectral weapon hits the orc but does no damage.
The orc barely misses you.
Your leather armour prevents you from hitting the orc.
Your spectral weapon closely misses the orc.
The orc priest invokes the aid of Beogh against you.
Beogh smites you!
* * * LOW HITPOINT WARNING * * *
The orc hits you but does no damage.
You feel better. You block the orc's attack.
You hit the orc.
You kill the orc!
Makhleb accepts your kill.
The crimson imp blinks!
You closely miss the orc.
Your spectral weapon barely misses the orc.
The orc barely misses you.
You hit the orc but do no damage.
Your shroud begins to fray at the edges.
Your spectral weapon hits the orc from afar.
The crimson imp blinks!
The orc hits you but does no damage.
You closely miss the orc.
Your spectral weapon fades away.
The orc hits you but does no damage.
You hit the orc but do no damage.
You draw out your weapon's spirit!
You block the orc's attack.
You closely miss the orc.
Your spectral weapon closely misses the orc.
The orc priest invokes the aid of Beogh against you.
Beogh smites you!
* * * LOW HITPOINT WARNING * * *
The orc hits you with a +0 flail.
You die...

#...>##..## #...#..#
###..... ####.. ### # ##
# ..##..########### #
#....oo@()......########
####.##########....#....
######.....#
.............
#########.### #...#
###.### #...#
#####.#####


You could see an orc priest, an orc and a friendly spectral +0 spear.

Vanquished Creatures
  An ogre (D:4)
  A scorpion (D:5)
  An orc priest (D:3)
  An iron imp (D:5)
  Jessica (D:2)
  An iguana (D:4)
  4 orc wizards
  A worker ant (D:5)
  A worker ant zombie (D:5)
  Robin (D:3)
  6 adders
  A shadow imp (D:5)
  2 oozes (D:1)
  2 worms
  2 dart slugs (D:1)
  3 leopard geckos
  14 orcs
  4 giant cockroaches
  16 goblins
  3 hobgoblins (D:1)
  13 jackals
  8 kobolds
  2 quokkas
  8 bats
  5 frilled lizards
  A jackal skeleton (D:4)
  4 rats
107 creatures vanquished.

Vanquished Creatures (others)
  A spectral weapon (D:3)
1 creature vanquished.

Grand Total: 108 creatures vanquished

Notes
Turn   | Place    | Note
-------+----------+-------------------------------------------
     0 | D:1      | MatthieuS the Gargoyle Skald began the quest for the Orb.
     0 | D:1      | Reached XP level 1. HP: 12/12 MP: 3/3
    66 | D:1      | Reached XP level 2. HP: 16/18 MP: 5/5
   171 | D:1      | Reached XP level 3. HP: 8/22 MP: 1/6
   550 | D:1      | Learned a level 2 spell: Song of Slaying
   553 | D:1      | Learned a level 2 spell: Shroud of Golubria
  1110 | D:2      | Noticed a water elemental
  1111 | D:2      | Found a stormy altar of Qazlal.
  1112 | D:2      | Noticed an air elemental
  1113 | D:2      | Noticed an earth elemental
  1113 | D:2      | Noticed a fire elemental
  1570 | D:2      | Reached XP level 4. HP: 27/27 MP: 7/7
  1748 | D:2      | Noticed Jessica
  1758 | D:2      | Killed Jessica
  2282 | D:3      | Learned a level 3 spell: Spectral Weapon
  2339 | D:3      | Reached skill level 1 in Shields
  2340 | D:3      | Reached XP level 5. HP: 25/32 MP: 1/9
  2668 | D:3      | Noticed Robin
  2732 | D:3      | Killed Robin
  3086 | D:2      | Found a basalt altar of Yredelemnul.
  3444 | D:3      | Found a faded altar of an unknown god.
  3740 | D:3      | Reached XP level 6. HP: 3/38 MP: 1/10
  4635 | D:4      | Found a staircase to the Ecumenical Temple.
  4647 | Temple   | Entered the Ecumenical Temple
  4685 | Temple   | Became a worshipper of Makhleb the Destroyer
  5035 | D:5      | Entered Level 5 of the Dungeon
  5038 | D:5      | Reached XP level 7. HP: 43/43 MP: 8/12
  5262 | D:5      | Found a snail-covered altar of Cheibriados.
  5268 | D:5      | Reached skill level 1 in Hexes
  5495 | D:5      | HP: 1/43 [orc priest/divine providence (17)]
  5503 | D:5      | HP: 1/43 [orc priest/divine providence (10)]
  5503 | D:5      | Slain by an orc

Levels and vault maps discovered:
D:1:      lemuel_arrival_rhombus, layout_basic, minmay_vboxes
D:2:      lemuel_upstairs_altar, layout_loops_corners,
          nicolae_qazlal_style_of_elements, minmay_misc_feat_iff, uniq_jessica
D:3:      layout_basic, chequers_ecumenical_altar_grove, serial_corexii_hall,
          chequers_hall_statues_wall_a, corexii_hall_statues_t, uniq_robin
D:4:      layout_rooms, minmay_temple_entry_wispy, first_ration
D:5:      layout_rooms, slow_altar_2, uniq_blork_the_orc
Temple:   eino_temple_rhombus

Skill      XL: |  1  2  3  4  5  6  7 |
---------------+----------------------+-----
Polearms       | 2 3 |  3.6
Charms         | 3 4 |  4.1
Fighting       | 3 4 |  4.2
Shields        | 1 2 |  2.8
Spellcasting   | 3 |  3.6
Hexes          | 1 |  1.3
Armour         | |  1.1
Dodging        | |  1.5

Action                   |  1- 3 |  4- 6 |  7- 9 || total
-------------------------+-------+-------+-------++-------
Melee: Spear             |   132 |   224 |    53 ||   409
 Cast: Infusion          |     5 |     6 |     3 ||    14
       Spectral Weapon   |       |    19 |     5 ||    24
       Song of Slaying   |       |     1 |       ||     1
       Shroud of Golubri |       |     2 |     1 ||     3
  Use: Scroll            |       |     3 |       ||     3
       Potion            |       |     3 |     2 ||     5
  Eat: Chunk             |     2 |    12 |     1 ||    15
       Ration            |       |     1 |       ||     1
Armor: Leather armour    |    20 |    77 |    19 ||   116
       Robe              |     9 |    18 |       ||    27
Dodge: Dodged            |    83 |   113 |    18 ||   214
Block: Buckler           |     1 |    44 |     9 ||    54

Table legend:
 A = Non-vault XP
 B = Vault XP
 C = Vault XP percentage of total XP
 D = Non-vault monster count
 E = Vault monster count
 F = Vault count percentage of total count
                 A         B        C        D         E       F
            +---------+---------+-------+---------+---------+-------
      Total |     727 |     123 |  14.5 |      85 |      22 |  20.6
            +---------+---------+-------+---------+---------+-------
        D:1 |      50 |      11 |  18.0 |      22 |       7 |  24.1
        D:2 |      28 |      37 |  56.9 |       8 |       1 |  11.1
        D:3 |     197 |      36 |  15.5 |      28 |      13 |  31.7
        D:4 |     253 |       0 |   0.0 |      17 |       0 |   0.0
        D:5 |     199 |      39 |  16.4 |      10 |       1 |   9.1
            +---------+---------+-------+---------+---------+-------
